 Dungeon Crawl Stone Soup version 0.26-a0-667-g92642533e4 (webtiles) character file.

Game seed: 18082894476445540185

1472274 ringo67 the Conqueror (level 27, 249/249 HPs)
             Began as a Barachi Hunter on Oct 17, 2020.
             Was the Champion of Okawaru.
             Escaped with the Orb
             ... and 3 runes on Oct 18, 2020!
             The game lasted 05:03:43 (98912 turns).

ringo67 the Conqueror (Barachi Hunter)             Turns: 98912, Time: 05:03:44

Health: 249/249    AC: 45    Str: 29    XL:     27
Magic:  37/37      EV: 28    Int: 15    God:    Okawaru [******]
Gold:   5302       SH:  0    Dex: 23    Spells: 24/46 levels left

rFire    + + +     SeeInvis .   a - +9 arbalest (freeze)
rCold    + + +     Faith    .   (shield currently unavailable)
rNeg     . . .     Spirit   +   w - +13 plate armour "Caedgh" {Dex+3}
rPois    .         Reflect  .   W - +2 hat {MR+}
rElec    +         Harm     .   i - scarf {rC+ rF+}
rCorr    .         Rampage  .   l - +2 pair of gloves {archery}
MR       ++++.                  g - +2 pair of boots of the First Snow {rElec rC+++ Dex+5}
Stlth    ..........             c - amulet of guardian spirit
HPRegen  0.51/turn              X - ring "Viamur" {MR+ Str+3 Int+3}
MPRegen  0.25/turn              m - ring of protection from fire

@: studying Evocations, slow
A: +LOS, swims, agile 1, fire resistance 1, slowness 1, inhibited regeneration,
evolution 1, strong legs 2
0: Orb of Zot
}: 3/15 runes: decaying, abyssal, gossamer
a: Hop, Heroism, Finesse, Renounce Religion


You escaped.
You worshipped Okawaru.
Okawaru was exalted by your worship.
You visited 10 branches of the dungeon, and saw 49 of its levels.
You visited the Abyss 1 time.
You visited 1 bazaar.
You also visited: Trove, Ice Cave and Desolation.

You collected 8093 gold pieces.
You spent 2791 gold pieces at shops.

Inventory:

Hand Weapons
 a - a +9 arbalest of freezing (weapon)
Missiles
 d - 2134 bolts (quivered)
Armour
 g - the +2 pair of boots of the First Snow (worn) {rElec rC+++ Dex+5}
   (You found it on level 5 of the Depths)

   It affects your dexterity (+5).
   It renders you almost immune to cold.
   It insulates you from electricity.
 i - a scarf of resistance (worn)
 l - a +2 pair of gloves of archery (worn)
 w - the +13 plate armour "Caedgh" (worn) {Dex+3}
   (You took it off an orc warlord on level 4 of the Vaults)

   It affects your dexterity (+3).
 W - a +2 hat of magic resistance (worn)
Jewellery
 c - an amulet of guardian spirit (around neck)
 m - a ring of protection from fire (right hand)
 B - an uncursed ring of protection from magic
 S - the ring of Usioruen {MP+9 Str+6 Int+3}
   (You found it on level 1 of the Spider Nest)

   [ring of magical power]

   It affects your strength (+6).
   It affects your intelligence (+3).
   It affects your magic capacity (+9).
 X - the ring "Viamur" (left hand) {MR+ Str+3 Int+3}
   (You bought it in a shop on level 2 of the Elven Halls)

   [ring of protection from magic]

   It affects your strength (+3).
   It affects your intelligence (+3).
   It affects your resistance to hostile enchantments.
Wands
 b - a wand of iceblast (12)
 f - a wand of polymorph (34)
 o - a wand of disintegration (79)
 q - a wand of enslavement (11)
 J - a wand of digging (17)
 O - a wand of paralysis (8)
 Q - a wand of acid (62)
 Y - a wand of flame (34)
Scrolls
 j - 30 scrolls of teleportation
 r - 7 scrolls of identify
 v - 9 scrolls of magic mapping
 x - 15 scrolls of fog
 y - 19 scrolls of remove curse
 C - 5 scrolls of holy word
 D - 11 scrolls of fear
 E - 5 scrolls of blinking
 G - 5 scrolls of enchant weapon
 M - a scroll of silence
 P - 9 scrolls of enchant armour
 V - 5 scrolls of amnesia
Potions
 h - 6 potions of lignification
 k - 4 potions of berserk rage
 n - 10 potions of curing
 p - 3 potions of cancellation
 s - 8 potions of flight
 t - 9 potions of stabbing
 u - 2 potions of haste
 z - 11 potions of ambrosia
 A - 3 potions of mutation
 F - 2 potions of invisibility
 H - 5 potions of brilliance
 L - 2 potions of heal wounds
 N - 4 potions of might
 T - a potion of resistance
 U - 4 potions of magic
Books
 K - a manual of Evocations
Miscellaneous
 e - a phial of floods
 I - a condenser vane (2/2)


   Skills:
 O Level 27 Fighting
   Level 0.4 Maces & Flails
 + Level 18.4 Crossbows
 O Level 27 Armour
 + Level 24.2 Dodging
 - Level 0.8 Stealth
 - Level 10.2 Spellcasting
 - Level 10.0 Hexes
 - Level 10.9 Summonings
 - Level 10.5 Translocations
 - Level 7.0 Invocations
 - Level 14.0 Evocations


You had 24 spell levels left.
You knew the following spells:

 Your Spells              Type           Power        Failure   Level
a - Portal Projectile     Hex/Tloc       #####.       1%          3
b - Blink                 Tloc           N/A          1%          2
c - Apportation           Tloc           #####.       1%          1
d - Summon Mana Viper     Hex/Summ       #####...     10%         5
e - Passage of Golubria   Tloc           N/A          3%          4
f - Malign Gateway        Summ/Tloc      #####.....   95%         7

Your spell library contained the following spells:

 Spells                   Type           Power        Failure   Level
 Corona                   Hex            #####..      1%          1
 Summon Small Mammal      Summ           ####         1%          1
 Call Imp                 Summ           #####...     1%          2
 Slow                     Hex            #####...     1%          2
 Call Canine Familiar     Summ           #####...     1%          3
 Confusing Touch          Hex            #####...     1%          3
 Gell's Gravitas          Tloc           #####.....   1%          3
 Lesser Beckoning         Tloc           #####.....   1%          3
 Summon Guardian Golem    Hex/Summ       #####...     1%          3
 Teleport Other           Tloc           #####...     1%          3
 Tukima's Dance           Hex            #####...     1%          3
 Cause Fear               Hex            #####.....   4%          4
 Dazzling Flash           Conj/Hex       ###...       11%         3
 Inner Flame              Hex/Fire       ###.....     11%         3
 Animate Skeleton         Necr           #.....       26%         1
 Beastly Appendage        Tmut           #.....       26%         1
 Foxfire                  Conj/Fire      #...         26%         1
 Freeze                   Ice            #...         26%         1
 Magic Dart               Conj           #...         26%         1
 Pain                     Necr           #...         26%         1
 Shock                    Conj/Air       #...         26%         1
 Sting                    Tmut/Pois      #...         26%         1
 Summon Ice Beast         Ice/Summ       ###.....     28%         4
 Summon Lightning Spire   Summ/Air       ###.....     28%         4
 Iskenderun's Mystic Bla  Conj/Tloc      ###.....     30%         4
 Fulminant Prism          Conj/Hex       ###.......   34%         4
 Leda's Liquefaction      Hex/Erth       ###.......   34%         4
 Passwall                 Tmut/Erth      #.......     38%         2
 Poisonous Vapours        Pois/Air       #.....       38%         2
 Searing Ray              Conj           #.....       38%         2
 Sublimation of Blood     Necr           #.........   38%         2
 Swiftness                Air            #.......     38%         2
 Wereblood                Tmut           #.......     38%         2
 Dispersal                Tloc           #####.....   47%         6
 Invisibility             Hex            #####...     56%         6
 Conjure Flame            Conj/Fire      #.......     63%         3
 Frozen Ramparts          Ice            #.....       63%         3
 Ignite Poison            Fire/Tmut/Pois #.......     63%         3
 Mephitic Cloud           Conj/Pois/Air  #.......     63%         3
 Ozocubu's Armour         Ice            #.......     63%         3
 Spider Form              Tmut/Pois      #.........   63%         3
 Static Discharge         Conj/Air       #.......     63%         3
 Vampiric Draining        Necr           #.........   63%         3
 Metabolic Englaciation   Hex/Ice        ###.......   67%         5
 Silence                  Hex/Air        ###.......   67%         5
 Yara's Violent Unravell  Hex/Tmut       ###.......   67%         5
 Airstrike                Air            #.........   95%         4
 Animate Dead             Necr           #.........   95%         4
 Hailstorm                Conj/Ice       #.......     95%         4
 Ice Form                 Ice/Tmut       #.......     95%         4
 Olgreb's Toxic Radiance  Pois           #.......     95%         4
 Petrify                  Tmut/Erth      #.......     95%         4
 Sticky Flame             Conj/Fire      #.......     95%         4
 Monstrous Menagerie      Summ           #####.....   95%         7
 Summon Greater Demon     Summ           #####.....   95%         7
 Agony                    Necr           #.......     100%        5
 Alistair's Intoxication  Tmut/Pois      #........    100%        5
 Blade Hands              Tmut           #.........   100%        5
 Bolt of Magma            Conj/Fire/Erth #.........   100%        5
 Borgnjor's Vile Clutch   Necr/Erth      #.........   100%        5
 Fireball                 Conj/Fire      #.........   100%        5
 Irradiate                Conj/Tmut      #.........   100%        5
 Lee's Rapid Deconstruct  Erth           #.........   100%        5
 Lightning Bolt           Conj/Air       #.........   100%        5
 Death Channel            Necr           #.........   100%        6
 Eringya's Noxious Bog    Tmut/Pois      #.........   100%        6
 Freezing Cloud           Conj/Ice/Air   #.........   100%        6
 Hydra Form               Tmut           #.........   100%        6
 Iron Shot                Conj/Erth      #.........   100%        6
 Ozocubu's Refrigeration  Ice            #.........   100%        6
 Simulacrum               Ice/Necr       #.........   100%        6
 Dragon Form              Tmut           #.........   100%        7
 Spellforged Servitor     Conj/Summ      ###.......   100%        7
 Discord                  Hex            #####.....   100%        8
 Disjunction              Tloc           #####.....   100%        8
 Summon Horrible Things   Summ           #####.....   100%        8
 Dragon's Call            Summ           #####.....   100%        9
 Fire Storm               Conj/Fire      #.........   100%        9
 Shatter                  Erth           #.........   100%        9


Dungeon Overview and Level Annotations

Branches:
Dungeon (15/15)            Temple (1/1) D:4            Lair (6/6) D:9
  Swamp (4/4) Lair:3       Spider (4/4) Lair:4        Slime (0/5) Lair:5
    Orc (2/2) D:11            Elf (3/3) Orc:2        Vaults (4/5) D:13
  Crypt (0/3) Vaults:2     Depths (5/5) D:15            Zot (5/5) Depths:5
  IceCv (visited)         Desolation (visited)

Altars:
Ashenzari
Cheibriados
Elyvilon
Fedhas
Gozag
Hepliaklqana
Makhleb
Okawaru
Ru
Sif Muna
Trog
Uskayaw
Vehumet
Wu Jian
Xom
Yredelemnul
Zin
The Shining One
Beogh
Jiyva
Lugonu

Shops:
D:5 !   D:6 (*!(   D:11 =   Orc:2 [?=[   Elf:2 =}=   Elf:3 (   Zot:5 *

Portals:
Hell: Lair:6 Depths:1 Depths:2 Depths:3 Depths:4 Depths:5
Abyss: Depths:2 Depths:4
Pandemonium: Depths:1 Depths:2 Depths:5
Ziggurat: Depths:1

Annotations:
Elf:2 3 runed translucent doors
Zot:4 3 runed translucent doors, KCGemini's ghost, veteran FeBe


Innate Abilities, Weirdness & Mutations

You can be seen from farther away. (+LOS)
You can swim through water.
You cover ground slowly.
You can hop long distances.
You are agile. (Dex +2)
Your flesh is heat resistant. (rF+)
You do not regenerate when monsters are visible.
You evolve.


Message History

a +0 leather armour; a +0 hand axe
There is a stone staircase leading up here.
You climb upwards.
There is a stone staircase leading down here.
There is a stone staircase leading up, spattered with blood here.
You climb upwards.
There is a stone staircase leading down here.
There is an escape hatch in the floor here.
There is a stone staircase leading up here.
You climb upwards.
There is a stone staircase leading down here.
You hear a grinding noise.
You hear a grinding noise.
There is an open door here.
The yellow draconian roars!
The green draconian roars!
The black draconian roars!
There is a staircase leading out of the dungeon here.
There is a staircase leading out of the dungeon here.
You have escaped!

#.....#.###...#
##.####.###.#.##
#.## #.##.###.#
#..# ###### ###
###############
#####d#^#^#^#D#
##≈#≈############
^#####.......)..##
##..............@#
...#######......##
####d#*#X########
d#X#######d#d#*#
#### #######
#########
#######.......#
#.......##.####
#.#####.##.#


You could see an orb of fire and an ice dragon.

Vanquished Creatures
  6 ancient liches
  4 orbs of fire (Zot:5)
  Mara (Swamp:3)
  A juggernaut (Abyss:3)
  the Lernaean hydra (Swamp:4)
  3 Killer Klowns
  5 caustic shrikes
  12 golden dragons
  6 curse toes
  the Enchantress (Depths:2)
  An electric golem (Zot:5)
  2 Brimstone Fiends
  2 Ice Fiends
  27 Orb Guardians
  3 liches
  Rupert (D:13)
  17 tentacled monstrosities
  Asterion (Spider:1)
  A titan (Depths:5)
  2 deep elf master archers (Elf:3)
  An Executioner (Zot:2)
  10 quicksilver dragons
  The ghost of Kare Xaoge the Bludgeoner, an adept DgTm (Vaults:4)
  A deep elf blademaster (Elf:3)
  5 sphinxes
  4 death cobs
  A thorn hunter (Swamp:3)
  Agnes (Spider:1)
  10 shadow dragons
  6 draconian monks
  5 tengu reavers
  Donald (Swamp:3)
  Roxanne (Elf:1)
  12 storm dragons
  Kirke (D:13)
  8 deep elf sorcerers
  An azure jelly (shapeshifter) (Depths:1)
  8 draconian knights
  12 frost giants
  The ghost of BruhMomento the Fencer, a journeyman DsBe of Trog (Spider:1)
  9 fire giants
  15 vault wardens
  6 draconian scorchers
  Aizul (Spider:1)
  5 iron dragons
  8 deep elf elementalists
  2 orc warlords (Vaults:4)
  2 draconian stormcallers
  7 ghost moths
  An angel (Abyss:3)
  5 draconian shifters
  4 balrugs
  8 emperor scorpions
  The ghost of Piggeq the Protected, a journeyman MiFi (Lair:6)
  4 draconian annihilators
  10 very ugly things
  10 spriggan defenders
  3 entropy weavers
  2 ophanim (Abyss:3)
  10 ironheart preservers
  2 deep elf demonologists (Elf:3)
  28 stone giants
  A vampire knight (Depths:5)
  2 dire elephants (Lair:6)
  8 black draconians
  5 green draconians
  A lorocyproca (Depths:2)
  8 deep elf annihilators
  3 red draconians
  13 white draconians
  5 halazid warlocks (Desolation)
  3 purple draconians
  A merfolk javelineer (Depths:2)
  13 spark wasps
  10 yellow draconians
  Snorg (Orc:2)
  3 deep elf death magi
  3 merfolk impalers
  5 blizzard demons
  17 fire dragons
  12 ettins
  A crystal guardian (Desolation)
  5 great orbs of eyes
  14 yaktaur captains
  4 ragged hierophants (Desolation)
  6 deep elf high priests
  11 ice dragons
  A servant of whispers (Desolation)
  14 peacekeepers
  Harold (Orc:1)
  11 rakshasas
  6 boulder beetles
  4 vault guards
  7 spriggan air magi
  2 ghost crabs
  27 hydras
  14 centaur warriors
  3 death knights
  2 shambling mangroves (Swamp:3)
  26 two-headed ogres
  6 deep troll shamans
  13 dancing weapons
  16 alligators
  2 tengu warriors (Depths:1)
  12 ogre magi
  2 vampire magi (Depths:1)
  10 deep troll earth magi
  6 death yaks
  A thrashing horror (Abyss:2)
  6 orc high priests
  8 spriggan berserkers
  Urug (D:13)
  2 sun demons
  A sixfirhy (Depths:2)
  A wretched star (Abyss:3)
  A fire crab (Lair:6)
  A shadow wraith (Vaults:3)
  11 hell knights
  8 skeletal warriors
  11 deep elf knights
  3 iron trolls
  2 cherubim (Abyss:3)
  4 flayed ghosts
  3 unseen horrors
  A quicksilver dragon simulacrum (Depths:2)
  16 deep trolls
  A gelid demonspawn (Depths:2)
  A torturous demonspawn (Depths:2)
  A swamp dragon (shapeshifter) (Depths:3)
  4 wizards
  4 glowing orange brains
  An unseen horror (shapeshifter) (Vaults:4)
  14 deep elf archers
  23 ironbrand convokers
  An orange crystal statue (Depths:2)
  A harpy (Vaults:4)
  6 necromancers
  20 orc knights
  2 phantasmal warriors
  8 swamp dragons
  15 orb spiders
  54 deep elf magi
  28 wolf spiders
  3 orc sorcerers
  A shining eye (shapeshifter) (Vaults:2)
  A mana viper (shapeshifter) (Depths:5)
  A tengu skeleton (Depths:2)
  An orb spider (shapeshifter) (Depths:2)
  41 ugly things
  17 cyclopes
  A fire giant zombie (Depths:2)
  11 elephants
  A manticore (D:11)
  A salamander (shapeshifter) (Vaults:2)
  23 moths of wrath
  A moth of wrath (shapeshifter) (Depths:5)
  3 oklob plants (Lair:3)
  A fire giant skeleton (Vaults:2)
  A black mamba (shapeshifter) (Vaults:3)
  2 stone giant skeletons (Vaults:2)
  An ice statue (IceCv)
  2 black mambas
  2 guardian serpents (Desolation)
  11 vault sentinels
  3 torpor snails
  A gargoyle (D:11)
  2 smoke demons
  An orange demon (Lair:6)
  A molten gargoyle (Desolation)
  5 spectral swamp worms
  24 cane toads
  9 freezing wraiths
  A hellion (Depths:3)
  9 komodo dragons
  9 rime drakes
  4 human skeletons (Vaults:2)
  14 demonic crawlers
  3 ice devils
  3 tengu conjurers
  80 yaktaurs
  5 red devils
  2 hellwings
  23 jumping spiders
  A queen bee (Spider:2)
  2 yaktaur skeletons (Vaults:2)
  8 trolls
  3 meliai (Spider:2)
  23 polar bears
  A jumping spider (shapeshifter) (Vaults:4)
  A polar bear (shapeshifter) (Depths:4)
  13 bog bodies
  19 hornets
  A queen bee (shapeshifter) (Depths:3)
  Grinder (D:6)
  4 tyrant leeches
  41 blink frogs
  33 slime creatures
  2 hornets (shapeshifter)
  A raiju (shapeshifter) (D:13)
  44 saltlings (Desolation)
  8 dream sheep
  10 water elementals
  Sigmund (D:2)
  4 shadows
  67 redbacks
  15 spriggans
  2 hogs (shapeshifter)
  35 tarantellas
  3 wraiths
  5 wyverns
  A yak (shapeshifter) (Depths:3)
  2 fire bats (shapeshifter)
  4 golden eyes
  7 hogs (D:13)
  A human (shapeshifter) (Depths:2)
  77 yaks
  7 basilisks
  2 fire elementals
  16 humans
  A large abomination (Zot:1)
  2 steam dragons
  A yaktaur simulacrum (Vaults:2)
  30 vampire mosquitoes
  16 swamp worms
  A soldier ant (D:12)
  Menkaure (D:6)
  A human zombie (Depths:2)
  5 hell hounds
  A naga (Abyss:3)
  3 wargs
  5 acid dragons
  14 insubstantial wisps
  A floating eye (Depths:1)
  14 water moccasins
  49 orc warriors
  13 swamp drakes
  Duvessa (D:5)
  A hornet zombie (D:10)
  2 ice beasts
  3 sky beasts
  7 phantoms
  2 necrophages
  8 black bears
  20 ogres
  19 wolves
  An eye of draining (shapeshifter) (Depths:5)
  4 boggarts (Depths:1)
  20 centaurs
  An orc skeleton (Vaults:2)
  An elf skeleton (Vaults:2)
  Blork the orc (D:5)
  A big kobold (D:10)
  A big kobold (shapeshifter) (Vaults:2)
  A gnoll sergeant (D:7)
  26 bullfrogs
  A water moccasin zombie (D:6)
  A glowing shapeshifter simulacrum (Vaults:3)
  Dowan (D:5)
  13 scorpions
  A human simulacrum (Vaults:2)
  20 killer bees
  4 electric eels
  20 wights
  6 howler monkeys
  6 crimson imps (Depths:3)
  5 jellies
  8 hounds
  A quasit (D:8)
  43 orc priests
  5 bullfrog skeletons
  6 centaur skeletons
  An iron imp (Depths:2)
  37 orc wizards
  6 iguanas
  Natasha (thrice) (D:4)
  6 hell rats
  13 worker ants
  4 yak simulacra (Lair:6)
  3 wolf simulacra (Lair:6)
  A killer bee zombie (D:5)
  A hound zombie (D:6)
  3 hound skeletons
  4 worker ant zombies
  An adder (shapeshifter) (Depths:5)
  13 adders
  12 gnolls
  5 shadow imps
  9 white imps
  An ufetubus (D:8)
  3 oozes
  An adder skeleton (D:4)
  6 worms
  A dart slug (D:1)
  3 leopard geckos
  110 orcs
  2 ball pythons
  7 bats
  2 giant cockroaches (D:4)
  2 goblins
  3 hobgoblins (D:2)
  7 jackals
  15 kobolds
  5 quokkas
  A ball python skeleton (D:4)
  9 frilled lizards
  A giant cockroach zombie (D:5)
  2 quokka skeletons
  A quokka zombie (D:5)
  6 rats
  4 river rat simulacra (Lair:6)
  4 crawling corpses
2462 creatures vanquished.

Vanquished Creatures (collateral kills)
  A deep elf blademaster (Elf:3)
  A sphinx (Depths:2)
  A deep elf elementalist (Elf:3)
  A very ugly thing (Depths:1)
  A ghoul (Vaults:1)
  A deep elf annihilator (Elf:3)
  An ice dragon (Depths:1)
  An unseen horror (Vaults:1)
  A crawling corpse (Elf:3)
9 creatures vanquished.

Vanquished Creatures (others)
  A storm dragon (Depths:2)
  An unseen horror (D:15)
  A spriggan druid (Swamp:4)
  A wolf (IceCv)
  A crimson imp (Depths:3)
  A white imp (Depths:3)
  An orc (Vaults:2)
  106 fungi
  102 plants
  9 starspawn tentacles (Abyss:2)
224 creatures vanquished.

Grand Total: 2695 creatures vanquished

Notes
Turn   | Place    | Note
-------+----------+-------------------------------------------
     0 | D:1      | ringo67 the Barachi Hunter began the quest for the Orb.
     0 | D:1      | Reached XP level 1. HP: 17/17 MP: 1/1
     0 | D:1      | Noticed an ice dragon
     0 | D:1      | Noticed an orb of fire
     1 | D:1      | Noticed a red draconian
     3 | D:1      | Noticed a black draconian
     6 | D:1      | Noticed a tentacled monstrosity
     7 | D:1      | Noticed a red draconian
     8 | D:1      | Noticed an orb of fire
    10 | D:1      | Noticed a green draconian
    12 | D:1      | Noticed a tentacled monstrosity
    13 | D:1      | Noticed a shadow dragon
    13 | D:1      | Noticed a yellow draconian
    17 | D:1      | Noticed a shadow dragon
    17 | D:1      | Noticed a large abomination
    19 | D:1      | Noticed a tentacled monstrosity
    19 | D:1      | Noticed a tentacled monstrosity
    21 | D:1      | Noticed a shadow dragon
   194 | D:1      | Reached XP level 2. HP: 22/23 MP: 2/2
   290 | D:1      | Reached skill level 1 in Armour
   888 | D:2      | Reached XP level 3. HP: 28/28 MP: 3/3
  1112 | D:2      | Noticed Sigmund
  1657 | D:2      | Reached XP level 4. HP: 15/35 MP: 4/4
  2607 | D:2      | Killed Sigmund
  2607 | D:2      | Reached XP level 5. HP: 26/42 MP: 5/5
  2894 | D:2      | Found an ornate altar of the Wu Jian Council.
  3068 | D:2      | Reached XP level 6. HP: 48/48 MP: 6/6
  3609 | D:3      | Reached skill level 5 in Crossbows
  4594 | D:4      | Found a staircase to the Ecumenical Temple.
  4606 | Temple   | Entered the Ecumenical Temple
  4615 | Temple   | Became a worshipper of Warmaster Okawaru
  4789 | D:4      | Noticed a phantom
  4807 | D:4      | Killed a phantom
  4807 | D:4      | Reached XP level 7. HP: 55/55 MP: 7/7
  4853 | D:4      | Reached skill level 5 in Fighting
  4910 | D:4      | Found a glowing golden altar of the Shining One.
  5389 | D:4      | Reached * piety under Okawaru
  5389 | D:4      | Reached skill level 5 in Dodging
  5505 | D:4      | Noticed Natasha
  5516 | D:4      | Killed Natasha
  5748 | D:4      | Noticed Natasha
  5751 | D:4      | Killed Natasha
  5802 | D:4      | Noticed Natasha
  5806 | D:4      | Killed Natasha
  5806 | D:4      | Reached skill level 5 in Armour
  5806 | D:4      | Reached XP level 8. HP: 64/64 MP: 8/8
  5841 | D:5      | Entered Level 5 of the Dungeon
  5872 | D:5      | Reached skill level 1 in Invocations
  6090 | D:5      | Found Toqecvo's Distillery.
  6261 | D:5      | Found a glowing silver altar of Zin.
  6262 | D:5      | Found a hazy altar of Hepliaklqana.
  6269 | D:5      | Noticed Dowan
  6270 | D:5      | Noticed Duvessa
  6287 | D:5      | Killed Duvessa
  6290 | D:5      | Killed Dowan
  6450 | D:5      | Found a hide-covered altar of Uskayaw.
  6491 | D:5      | Noticed Blork the orc
  6500 | D:5      | Killed Blork the orc
  6500 | D:5      | Reached ** piety under Okawaru
  7246 | D:5      | Reached XP level 9. HP: 67/72 MP: 10/10
  7812 | D:6      | Noticed Grinder
  7829 | D:6      | Paralysed by Grinder for 2 turns
  7832 | D:6      | Killed Grinder
  8323 | D:6      | Noticed Menkaure
  8706 | D:6      | Killed Menkaure
  8706 | D:6      | Reached *** piety under Okawaru
  8776 | D:6      | Found Kutosmut's Antique Weapon Shop.
  8776 | D:6      | Found Foneam's Assorted Antiques.
  8780 | D:6      | Found Beadij's Distillery.
  8781 | D:6      | Found Yxuon's Antique Weapon Shop.
  8813 | D:6      | Bought a scroll labeled KEDOETZ PAIXZA for 23 gold pieces
  8913 | D:6      | Found a white marble altar of Elyvilon.
  9430 | D:7      | Got a scorched falchion
  9433 | D:7      | Identified the +4 falchion "Qerchuu" {vamp, rF+ Int+2} (You
                  | found it on level 7 of the Dungeon)
  9660 | D:7      | Found a shimmering blue altar of Sif Muna.
  9723 | D:7      | Reached XP level 10. HP: 82/82 MP: 11/11
 10044 | D:7      | Got an encrusted whip
 10045 | D:7      | Identified the +8 whip of Diev {vorpal, rElec rC++} (You
                  | found it on level 7 of the Dungeon)
 10064 | D:7      | Found a bloodstained altar of Trog.
 10064 | D:7      | Found a shimmering altar of Xom.
 11661 | D:9      | Reached **** piety under Okawaru
 11762 | D:9      | Noticed a cyclops
 11786 | D:9      | Killed a cyclops
 11786 | D:9      | Reached skill level 10 in Fighting
 11926 | D:9      | Reached skill level 10 in Crossbows
 12105 | D:9      | Found a staircase to the Lair.
 12245 | D:9      | Received a gift from Okawaru
 12272 | D:9      | Reached skill level 10 in Armour
 12425 | D:9      | Reached ***** piety under Okawaru
 12430 | D:9      | Received a gift from Okawaru
 12431 | D:9      | Reached XP level 11. HP: 72/91 MP: 9/12
 12759 | Lair:1   | Entered Level 1 of the Lair of Beasts
 12936 | Lair:1   | Received a gift from Okawaru
 13863 | Lair:1   | Received a gift from Okawaru
 14010 | Lair:1   | Received a gift from Okawaru
 14013 | Lair:1   | Got a crystal arbalest {god gift}
 14014 | Lair:1   | Identified the +1 arbalest of Dopes {elec, rElec MR+}
                  | (Okawaru gifted it to you on level 1 of the Lair of Beasts)
 14729 | Lair:2   | Reached XP level 12. HP: 84/100 MP: 15/15
 15217 | Lair:2   | Received a gift from Okawaru
 15704 | Lair:2   | Received a gift from Okawaru
 15752 | Lair:2   | Got an ichor-stained longbow {god gift}
 15753 | Lair:2   | Identified the +8 longbow of Okawaru's Approval {vorpal,
                  | +Blink rF+ Dex-4} (Okawaru gifted it to you on level 2 of
                  | the Lair of Beasts)
 15793 | Lair:2   | Reached skill level 5 in Invocations
 16192 | Lair:3   | Noticed a seven-headed hydra
 16795 | Lair:3   | Killed a seven-headed hydra
 16894 | Lair:3   | Received a gift from Okawaru
 17197 | Lair:3   | Noticed a seven-headed hydra
 17206 | Lair:3   | Killed a seven-headed hydra
 17206 | Lair:3   | Received a gift from Okawaru
 17272 | Lair:3   | Reached ****** piety under Okawaru
 17284 | Lair:3   | Received a gift from Okawaru
 17559 | Lair:3   | Received a gift from Okawaru
 17559 | Lair:3   | Gained mutation: You can hop long distances. [Barachi
                  | growth]
 17559 | Lair:3   | Reached XP level 13. HP: 90/109 MP: 17/17
 17562 | Lair:3   | Got a warped arbalest {god gift}
 17563 | Lair:3   | Identified the +0 arbalest of the Walnut {venom, rElec MR-
                  | Int-3 Dex+9} (Okawaru gifted it to you on level 3 of the
                  | Lair of Beasts)
 17615 | Lair:3   | Found a staircase to the Swamp.
 18832 | Lair:4   | Found a hole to the Spider Nest.
 20251 | Lair:4   | Received a gift from Okawaru
 20254 | Lair:4   | Got a jewelled plate armour {god gift}
 20345 | Lair:4   | Identified the +2 plate armour "Luavun" {Str+4} (Okawaru
                  | gifted it to you on level 4 of the Lair of Beasts)
 20746 | Lair:5   | Identified the Almanac of Captivating Venom
 20756 | Lair:5   | Learned a level 3 spell: Portal Projectile
 20838 | Lair:5   | Reached XP level 14. HP: 98/118 MP: 11/18
 21131 | Lair:5   | Found a staircase to the Slime Pits.
 21133 | Lair:5   | Found a viscous altar of Jiyva.
 22040 | Lair:6   | Entered Level 6 of the Lair of Beasts
 22199 | Lair:6   | Reached skill level 1 in Evocations
 22201 | Lair:6   | Received a gift from Okawaru
 22243 | Lair:6   | Found a runed translucent gate.
 22246 | Lair:6   | Noticed Piggeq's ghost (journeyman MiFi)
 22490 | Lair:6   | Noticed a dire elephant
 22500 | Lair:6   | Killed a dire elephant
 22823 | Lair:6   | Reached skill level 15 in Crossbows
 22907 | Lair:6   | Noticed a dire elephant
 22909 | Lair:6   | Reached skill level 10 in Dodging
 23469 | Lair:6   | Received a gift from Okawaru
 23541 | Lair:6   | Found a runed translucent gate.
 23541 | Lair:6   | Found a runed translucent gate.
 23855 | Lair:6   | Found a burning altar of Makhleb.
 23884 | Lair:6   | Received a gift from Okawaru
 23993 | Lair:6   | Found a gateway to Hell.
 24216 | D:10     | Entered Level 10 of the Dungeon
 24282 | D:10     | Received a gift from Okawaru
 24476 | D:10     | Reached XP level 15. HP: 127/127 MP: 19/19
 25107 | D:11     | Found a frozen archway.
 25107 | D:11     | Found Jebotuc's Jewellery Shoppe.
 25141 | IceCv    | Entered an ice cave
 26201 | IceCv    | Reached skill level 5 in Evocations
 26615 | IceCv    | Noticed a frost giant
 26633 | IceCv    | Killed a frost giant
 26685 | IceCv    | Found the cursed +14 obsidian axe {vorpal, +Fly SInv
                  | *Curse}
 26707 | IceCv    | Identified a scroll of acquirement
 26707 | IceCv    | Acquired a manual of Evocations
 27301 | D:11     | Reached skill level 15 in Fighting
 27859 | D:11     | Found a staircase to the Orcish Mines.
 27867 | D:11     | Found a roughly hewn altar of Beogh.
 28405 | Orc:1    | Entered Level 1 of the Orcish Mines
 28417 | Orc:1    | Noticed Harold
 28423 | Orc:1    | Killed Harold
 29229 | Orc:2    | Entered Level 2 of the Orcish Mines
 29571 | Orc:2    | Received a gift from Okawaru
 29871 | Orc:2    | Found Piegod's Armour Emporium.
 29873 | Orc:2    | Found Kuxeutiy's Magic Scroll Emporium.
 29876 | Orc:2    | Found Culucvox's Jewellery Shoppe.
 29876 | Orc:2    | Found Lueh Fyu's Armour Shoppe.
 29992 | Orc:2    | Noticed Snorg
 30004 | Orc:2    | Killed Snorg
 30257 | Orc:2    | Found a staircase to the Elven Halls.
 32594 | D:13     | Found a gate to the Vaults.
 32594 | D:13     | Noticed Rupert
 32594 | D:13     | Noticed Urug
 32595 | D:13     | Noticed Kirke
 32648 | D:12     | Reached skill level 15 in Armour
 32920 | D:13     | Reached XP level 16. HP: 134/136 MP: 20/20
 32968 | D:13     | Killed Kirke
 33054 | D:13     | Killed Rupert
 33120 | D:13     | Killed Urug
 33125 | D:13     | Found an iron altar of Okawaru.
 34143 | D:14     | Received a gift from Okawaru
 35208 | D:15     | Entered Level 15 of the Dungeon
 35340 | D:15     | Received a gift from Okawaru
 35361 | D:15     | Found a staircase to the Depths.
 35643 | D:15     | Reached skill level 10 in Evocations
 36248 | D:15     | Received a gift from Okawaru
 37659 | Swamp:1  | Entered Level 1 of the Swamp
 38217 | Swamp:1  | Reached XP level 17. HP: 144/144 MP: 21/21
 38681 | Swamp:2  | Paralysed by a hornet for 1 turns
 40345 | Swamp:3  | Received a gift from Okawaru
 40531 | Swamp:3  | Noticed Donald
 40542 | Swamp:3  | Killed Donald
 40629 | Swamp:3  | Received a gift from Okawaru
 40772 | Swamp:3  | Reached skill level 1 in Hexes
 40772 | Swamp:3  | Reached skill level 1 in Translocations
 41190 | Swamp:3  | Noticed Mara
 41205 | Swamp:3  | Noticed ringo67's illusion
 41592 | Swamp:3  | Killed Mara
 41592 | Swamp:3  | Received a gift from Okawaru
 42235 | Swamp:4  | Entered Level 4 of the Swamp
 42902 | Swamp:4  | Received a gift from Okawaru
 43329 | Swamp:3  | Reached XP level 18. HP: 118/152 MP: 22/22
 43679 | Swamp:4  | Reached skill level 1 in Spellcasting
 43697 | Swamp:4  | Noticed the 27-headed Lernaean hydra
 43704 | Swamp:4  | Killed the 27-headed Lernaean hydra
 43704 | Swamp:4  | Reached skill level 5 in Hexes
 43704 | Swamp:4  | Reached skill level 5 in Translocations
 43731 | Swamp:4  | Received a gift from Okawaru
 43756 | Swamp:4  | Got a decaying rune of Zot
 44255 | Spider:1 | Entered Level 1 of the Spider Nest
 44255 | Spider:1 | Found a large runed translucent door.
 44255 | Spider:1 | Found a large runed translucent door.
 44255 | Spider:1 | Noticed BruhMomento's ghost (journeyman DsBe)
 44268 | Spider:1 | Found a transporter.
 44270 | Spider:1 | Found a transporter.
 44293 | Spider:1 | Noticed Aizul
 44313 | Spider:1 | Killed Aizul
 44391 | Spider:1 | Found the +2 shield of Resistance {rF++ rC++ MR++}
 44517 | Spider:1 | Noticed Agnes
 44532 | Spider:1 | Killed Agnes
 44635 | Spider:1 | Noticed Asterion
 44656 | Spider:1 | Killed Asterion
 45281 | Spider:2 | Received a gift from Okawaru
 47762 | Spider:3 | Received a gift from Okawaru
 47765 | Spider:3 | Identified the +1 chain mail of Okawaru's Whim {rC+ MP+9
                  | Str+2} (Okawaru gifted it to you on level 3 of the Spider
                  | Nest)
 47884 | Spider:4 | Entered Level 4 of the Spider Nest
 49063 | Spider:3 | Reached skill level 5 in Spellcasting
 49388 | Spider:3 | Reached XP level 19. HP: 141/163 MP: 26/26
 49753 | Spider:4 | Got a gossamer rune of Zot
 50831 | Vaults:1 | Entered Level 1 of the Vaults
 51225 | Vaults:1 | Received a gift from Okawaru
 51602 | Vaults:1 | Received a gift from Okawaru
 51772 | Orc:2    | Bought a scroll of blinking for 105 gold pieces
 51772 | Orc:2    | Bought a scroll of blinking for 105 gold pieces
 51922 | D:6      | Bought a potion of heal wounds for 70 gold pieces
 51922 | D:6      | Bought a potion of heal wounds for 70 gold pieces
 51922 | D:6      | Bought a potion of heal wounds for 70 gold pieces
 51926 | D:6      | Bought an iridescent bardiche for 448 gold pieces
 51926 | D:6      | Identified the +2 bardiche "Bacrai Laomm" {flame, Str+7}
                  | (You bought it in a shop on level 6 of the Dungeon)
 51992 | D:5      | Bought a potion of heal wounds for 65 gold pieces
 51992 | D:5      | Bought a potion of heal wounds for 65 gold pieces
 53146 | Vaults:1 | Identified the ring "Kikhlis" {rC+ rN+ MR+}
 53965 | Vaults:1 | You fall into a shaft and drop 1 floor!
 53994 | Vaults:2 | Found a flickering gateway to a bazaar.
 54045 | Bazaar   | Entered a bazaar
 54061 | Bazaar   | Found Torph's Magic Scroll Shoppe.
 54061 | Bazaar   | Found Kired's Weapon Emporium.
 54084 | Bazaar   | Found Ofofoog's Antique Weapon Shoppe.
 54101 | Bazaar   | Found Pyalug's Gadget Emporium.
 54154 | Bazaar   | Bought 28 bolts for 72 gold pieces
 54154 | Bazaar   | Bought 30 bolts for 78 gold pieces
 54160 | Bazaar   | Bought a scroll of enchant weapon for 142 gold pieces
 54160 | Bazaar   | Bought a scroll of magic mapping for 66 gold pieces
 54176 | Bazaar   | Bought a slimy triple crossbow for 300 gold pieces
 54191 | Bazaar   | Identified the +6 triple crossbow of Linearity {elec, rC+
                  | Int+4} (You bought it in a shop in a bazaar)
 54201 | Bazaar   | Bought a condenser vane (2/2) for 220 gold pieces
 54585 | Spider:1 | Killed BruhMomento's ghost
 54676 | Spider:1 | Received a gift from Okawaru
 54716 | Spider:1 | Identified the +10 plate armour of Amorality {Int+2}
                  | (Okawaru gifted it to you on level 1 of the Spider Nest)
 55114 | Spider:1 | Got a glittering platinum ring
 55115 | Spider:1 | Identified the ring of Usioruen {MP+9 Str+6 Int+3} (You
                  | found it on level 1 of the Spider Nest)
 55299 | Lair:6   | Killed Piggeq's ghost
 55997 | Vaults:2 | Reached XP level 20. HP: 174/174 MP: 27/27
 57599 | Vaults:2 | Received a gift from Okawaru
 57801 | Vaults:2 | Received a gift from Okawaru
 57863 | Vaults:2 | Found a staircase to the Crypt.
 58390 | Vaults:3 | Found a ruined gateway.
 58473 | Desolati | Entered the Desolation of Salt
 58498 | Desolati | Reached skill level 15 in Dodging
 59329 | Desolati | Received a gift from Okawaru
 59409 | Desolati | Received a gift from Okawaru
 59629 | Desolati | Identified the ring of the Eight Blessings {Ice *Contam
                  | +Fly rElec Dex+3} (You found it in the Desolation of Salt)
 59631 | Desolati | Identified Sif Muna's Disquisition on Attacks and Changing
 59785 | Desolati | Identified the +0 pair of gloves "Gudinid" {Dex+4 SInv}
                  | (You found it in the Desolation of Salt)
 60204 | Desolati | Reached XP level 21. HP: 183/183 MP: 28/28
 60228 | Desolati | Learned a level 2 spell: Blink
 60230 | Desolati | Learned a level 1 spell: Apportation
 60236 | Desolati | Learned a level 5 spell: Summon Mana Viper
 60285 | Desolati | Identified the +4 battleaxe "Conservator" {spect, rElec rC+
                  | Str+2} (You found it in the Desolation of Salt)
 60296 | Desolati | Identified the +5 battleaxe of Duty {antimagic, Str+8
                  | Int-2} (You found it in the Desolation of Salt)
 61189 | Vaults:3 | Reached skill level 1 in Summonings
 62775 | Vaults:3 | Received a gift from Okawaru
 63058 | Vaults:3 | You fall into a shaft and drop 1 floor!
 63357 | Vaults:4 | Received a gift from Okawaru
 63364 | Vaults:4 | Reached skill level 5 in Summonings
 64665 | Vaults:3 | Acquired the +0 cloak of Going Fast {rElec MP-9 Slay+2}
 65871 | Vaults:4 | Received a gift from Okawaru
 65933 | Vaults:4 | Reached XP level 22. HP: 178/194 MP: 29/29
 66773 | Vaults:4 | Identified the +5 morningstar "Miohor" {protect, rF+ Str+2}
 66773 | Vaults:4 | Identified the +13 plate armour "Caedgh" {Dex+3}
 67263 | Vaults:4 | Found a runed translucent gate.
 67263 | Vaults:4 | Found a runed translucent gate.
 67263 | Vaults:4 | Found a runed translucent gate.
 67263 | Vaults:4 | Noticed Kare Xaoge's ghost (adept DgTm)
 67264 | Vaults:4 | Identified the +6 morningstar "Vuodar" {flame, rF+ Str+4}
 67264 | Vaults:4 | Identified the +1 chain mail of the Pink Corner {rC- Int+7}
 67320 | Vaults:4 | Identified the cursed +1 rapier of Wariness {vorpal, rN+
                  | Int+5 Dex-3}
 67325 | Vaults:4 | Found a roughly hewn altar of Beogh.
 67344 | Vaults:4 | Killed Kare Xaoge's ghost
 68501 | Elf:1    | Entered Level 1 of the Elven Halls
 68811 | Elf:1    | Received a gift from Okawaru
 69223 | Elf:1    | Noticed Roxanne
 69238 | Elf:1    | Killed Roxanne
 69712 | Elf:1    | Found a portal to a secret trove of treasure.
 70430 | Elf:1    | You paid a toll of +3 ice dragon scales to enter a treasure
                  | trove
 70431 | Trove    | Entered a treasure trove
 70468 | Trove    | Identified Sejyrots's Handbook of Conjuration
 70582 | Elf:1    | Identified the +1 scale mail of Okawaru's Grace {Harm
                  | Rampage rCorr Dex-4} (Okawaru gifted it to you on level 1
                  | of the Elven Halls)
 70815 | D:15     | Identified the +1 scale mail of Catatonia {Harm} (Okawaru
                  | gifted it to you on level 15 of the Dungeon)
 71129 | Elf:2    | Found a runed translucent gate.
 71135 | Elf:2    | Found a runed translucent gate.
 71135 | Elf:2    | Found a runed translucent gate.
 71180 | Elf:2    | Found Raguocih's Jewellery Boutique.
 71180 | Elf:2    | Found Dyarenor's Gadget Shoppe.
 71181 | Elf:2    | Found Tasual's Jewellery Boutique.
 71191 | Elf:2    | Bought the ring "Viamur" {MR+ Str+3 Int+3} for 892 gold
                  | pieces
 71248 | Elf:2    | Learned a level 4 spell: Passage of Golubria
 71527 | Elf:3    | Entered Level 3 of the Elven Halls
 71639 | Elf:3    | Found Wijoacli's Antique Weapon Emporium.
 71944 | Elf:3    | Reached XP level 23. HP: 198/202 MP: 14/33
 71945 | Elf:3    | Reached skill level 10 in Summonings
 72481 | Elf:3    | Reached skill level 10 in Hexes
 72483 | Elf:3    | Received a gift from Okawaru
 72617 | Elf:3    | Identified the Papyrus of the Compass and the Rocks
 72632 | Elf:3    | Identified the +4 halberd of the Trees {vorpal, rPois rN++
                  | MR- Int+3} (You found it on level 3 of the Elven Halls)
 72639 | Elf:3    | Identified the cursed +0 pair of gloves of Sunlight {MP-9
                  | Int+5} (You found it on level 3 of the Elven Halls)
 72673 | Elf:3    | Identified Nahush's Tome of the Arsonist
 72683 | Elf:3    | Identified the cursed +0 short sword of an ossuary
                  | {antimagic, Fragile rF- rN+++ Int+8} (You found it on level
                  | 3 of the Elven Halls)
 72703 | Elf:3    | Identified the cursed +0 buckler "Sisip" {rElec Regen+
                  | Str+4}
 73520 | Depths:1 | Entered Level 1 of the Depths
 73983 | Depths:1 | Found a gateway to a ziggurat.
 74250 | Depths:1 | Paralysed by a floating eye for 2 turns
 74468 | Depths:1 | Found a one-way gate leading to the halls of Pandemonium.
 74644 | Depths:1 | Received a gift from Okawaru
 75195 | Depths:1 | Identified the +0 scale mail of Syndicalism {rPois} (You
                  | found it on level 1 of the Depths)
 75521 | Depths:2 | Received a gift from Okawaru
 75807 | Depths:2 | Found a runed translucent door.
 75819 | Depths:2 | Received a gift from Okawaru
 75838 | Depths:2 | Noticed a caustic shrike
 75984 | Depths:2 | Received a gift from Okawaru
 76264 | Depths:2 | Reached XP level 24. HP: 174/212 MP: 5/35
 76809 | Depths:2 | Noticed a caustic shrike
 77247 | Depths:2 | Noticed the Enchantress
 77257 | Depths:2 | Killed the Enchantress
 77292 | Depths:2 | Killed a caustic shrike
 77524 | Depths:2 | Noticed a caustic shrike
 77532 | Depths:2 | Killed a caustic shrike
 77560 | Depths:2 | Noticed a caustic shrike
 77572 | Depths:2 | Killed a caustic shrike
 77645 | Depths:2 | Identified the +4 chain mail "Xacseor" {+Blink rPois Dex+3}
                  | (You found it on level 2 of the Depths)
 77732 | Depths:2 | Found a corrupted altar of Lugonu.
 77732 | Depths:2 | Found a one-way gate to the infinite horrors of the Abyss.
 77904 | Depths:2 | Received a gift from Okawaru
 78178 | Depths:2 | You fall into a shaft and drop 1 floor!
 78848 | Depths:3 | Identified the ring "Nesoesew" {*Tele Str+2 Dex+4}
 78951 | Depths:3 | Received a gift from Okawaru
 78954 | Depths:3 | Cast into level 2 of the Abyss (merfolk impaler)
 79589 | Abyss:3  | Found a glowing golden altar of the Shining One.
 79647 | Abyss:3  | Noticed a juggernaut
 79656 | Abyss:3  | Killed a juggernaut
 79665 | Abyss:3  | Got an abyssal rune of Zot
 79798 | Abyss:3  | Found a glowing golden altar of the Shining One.
 79854 | Depths:3 | Escaped the Abyss
 80893 | Depths:3 | Noticed a caustic shrike
 80896 | Depths:3 | Killed a caustic shrike
 81521 | Depths:2 | Killed a caustic shrike
 81521 | Depths:2 | Reached XP level 25. HP: 184/223 MP: 18/35
 82216 | Depths:4 | Received a gift from Okawaru
 82463 | Depths:4 | Received a gift from Okawaru
 82823 | Depths:4 | Received a gift from Okawaru
 82832 | Depths:4 | Identified the +1 arbalest "Oggalairr" {elec, rElec MR+
                  | Str+3 Stlth+} (Okawaru gifted it to you on level 4 of the
                  | Depths)
 83574 | Depths:4 | Identified the Incunabulum of Stones
 83599 | Depths:4 | Identified the +8 great mace "Eviscerator" {spect, Str+7}
                  | (You found it on level 4 of the Depths)
 83772 | Depths:5 | Entered Level 5 of the Depths
 84400 | Depths:5 | Received a gift from Okawaru
 84447 | Depths:5 | Found a broken altar of Ashenzari.
 84451 | Depths:5 | Found a glowing silver altar of Zin.
 84451 | Depths:5 | Found a glowing golden altar of the Shining One.
 84794 | Depths:5 | Found a gate to the Realm of Zot.
 85672 | Depths:5 | Reached XP level 26. HP: 164/235 MP: 27/36
 86214 | Depths:5 | Reached skill level 10 in Translocations
 86221 | Depths:5 | Identified the amulet of Gistreumi {Faith rElec}
 86272 | Depths:5 | Received a gift from Okawaru
 86272 | Depths:5 | Reached skill level 10 in Spellcasting
 86523 | Depths:5 | Found the +8 storm bow {elec, penet}
 86525 | Depths:5 | Identified the +2 pair of boots of the First Snow {rElec
                  | rC+++ Dex+5} (You found it on level 5 of the Depths)
 86753 | Depths:5 | Learned a level 7 spell: Malign Gateway
 86837 | Depths:5 | Received a gift from Okawaru
 87251 | Zot:1    | Entered Level 1 of the Realm of Zot
 88812 | Zot:1    | Received a gift from Okawaru
 89014 | Zot:1    | Identified the +0 helmet "Xips" {rC++ Str+3} (Okawaru
                  | gifted it to you on level 1 of the Realm of Zot)
 90721 | Zot:3    | Reached XP level 27. HP: 245/245 MP: 37/37
 91655 | Zot:3    | Received a gift from Okawaru
 91909 | Zot:3    | Identified the +8 arbalest "Ehob" {vorpal, rC++ Dex-4}
                  | (Okawaru gifted it to you on level 3 of the Realm of Zot)
 93807 | Zot:4    | Received a gift from Okawaru
 93869 | Zot:4    | Found a runed translucent gate.
 93869 | Zot:4    | Found a runed translucent gate.
 93869 | Zot:4    | Found a runed translucent gate.
 93870 | Zot:4    | Noticed KCGemini's ghost (veteran FeBe)
 94113 | Zot:5    | Entered Level 5 of the Realm of Zot
 94133 | Zot:4    | Received a gift from Okawaru
 94699 | Zot:5    | Received a gift from Okawaru
 94813 | Zot:5    | Found Odochay's Changing Room.
 94998 | Zot:5    | Reached skill level 27 in Fighting
 95342 | Zot:5    | Noticed an ancient lich
 95349 | Zot:5    | Noticed an ancient lich
 95350 | Zot:5    | Killed an ancient lich
 95350 | Zot:5    | Reached skill level 27 in Armour
 95357 | Zot:5    | Killed an ancient lich
 95410 | Zot:5    | Noticed an ancient lich
 95410 | Zot:5    | Noticed an orb of fire
 95424 | Zot:5    | Noticed an orb of fire
 95425 | Zot:5    | Gained mutation: You are frail. (-10% HP) [an orb of fire]
 95430 | Zot:5    | Noticed an orb of fire
 95430 | Zot:5    | Gained mutation: You evolve. [an orb of fire]
 95435 | Zot:5    | Gained mutation: Your magical capacity is low. (-10% MP)
                  | [an orb of fire]
 95437 | Zot:5    | Noticed an ancient lich
 95439 | Zot:5    | Noticed an ancient lich
 95441 | Zot:5    | Killed an orb of fire
 95446 | Zot:5    | Noticed an ancient lich
 95447 | Zot:5    | Gained mutation: You are occasionally teleported next to
                  | monsters. [an orb of fire]
 95453 | Zot:5    | Killed an orb of fire
 95456 | Zot:5    | Killed an orb of fire
 95459 | Zot:5    | Received a gift from Okawaru
 95461 | Zot:5    | Noticed an orb of fire
 95955 | Zot:5    | Gained mutation: You do not regenerate when monsters are
                  | visible. [an orb of fire]
 95956 | Zot:5    | Killed an orb of fire
 95957 | Zot:5    | Lost mutation: You evolve. [potion of mutation]
 95957 | Zot:5    | Lost mutation: You are frail. (-10% HP) [potion of
                  | mutation]
 95957 | Zot:5    | Gained mutation: You possess an exceptional clarity of
                  | mind. [potion of mutation]
 95957 | Zot:5    | Gained mutation: You are dopey. (Int -2) [potion of
                  | mutation]
 95957 | Zot:5    | Gained mutation: You are partially covered in slimy green
                  | scales. (AC +2) [potion of mutation]
 95958 | Zot:5    | Lost mutation: You are dopey. (Int -2) [potion of mutation]
 95958 | Zot:5    | Lost mutation: Your magical capacity is low. (-10% MP)
                  | [potion of mutation]
 95958 | Zot:5    | Gained mutation: Your body sometimes deteriorates upon
                  | taking damage. [potion of mutation]
 95958 | Zot:5    | Gained mutation: You are agile. (Dex +2) [potion of
                  | mutation]
 95958 | Zot:5    | Gained mutation: You evolve. [potion of mutation]
 95958 | Zot:5    | Gained mutation: You are very agile. (Dex +4) [potion of
                  | mutation]
 95959 | Zot:5    | Lost mutation: You are very agile. (Dex +4) [potion of
                  | mutation]
 95959 | Zot:5    | Lost mutation: You are occasionally teleported next to
                  | monsters. [potion of mutation]
 95959 | Zot:5    | Lost mutation: You are partially covered in slimy green
                  | scales. (AC +2) [potion of mutation]
 95959 | Zot:5    | Lost mutation: You possess an exceptional clarity of mind.
                  | [potion of mutation]
 95959 | Zot:5    | Gained mutation: Your flesh is heat resistant. (rF+)
                  | [potion of mutation]
 96010 | Zot:5    | Killed an ancient lich
 96294 | Zot:5    | Killed an ancient lich
 96318 | Zot:5    | Killed an ancient lich
 96340 | Zot:4    | Killed an ancient lich
 96340 | Zot:4    | Received a gift from Okawaru
 96690 | Zot:4    | Identified the +8 quick blade "Xegox" {holy, rF+ rC+}
                  | (Okawaru gifted it to you on level 4 of the Realm of Zot)
 97774 | Zot:5    | Lost mutation: Your body sometimes deteriorates upon taking
                  | damage. [evolution]
 97953 | Zot:5    | Received a gift from Okawaru
 98148 | Zot:5    | Got the Orb of Zot
 98427 | Depths:5 | Noticed Jicliruy the pandemonium lord
 98912 | D:$      | Escaped with the Orb!

Illustrated notes

Levels and vault maps discovered:
D:1:      shiori_arrival_whats_in_store_for_you, layout_loops_cross
D:2:      layout_rooms, nicolae_overflow_crystal_walls, uniq_sigmund
D:3:      layout_basic
D:4:      layout_basic, nicolae_tso_carved_into_rock, minmay_temple_entry_wispy,
          hangedman_minor_gate_pass, uniq_natasha
D:5:      layout_loops_cross, grunt_temple_overflow_open, serial_shops,
          nicolae_shop_temple_entry_statues_fountains, uniq_blork_the_orc,
          uniq_duvessa
D:6:      layout_basic, kennysheep_mini_moat, minmay_shop_grid_forest,
          minmay_manual_mandibuliform, uniq_grinder, uniq_menkaure
D:7:      layout_basic, gammafunk_temple_overflow_wave, marbit_many_paths
D:8:      layout_layer_cave, grunt_ministairs_8
D:9:      layout_roguey, grunt_lair_entry_orc_guard_hut
D:10:     layout_long_grid
D:11:     layout_cave_pools, minmay_orc_entry_temple_small,
          portal_ice_cave_rime, serial_shops, shop
D:12:     layout_basic
D:13:     layout_basic, david_vaults_3, okawaru_ov_weapons_minmay, uniq_kirke,
          uniq_urug
D:14:     layout_grid_maze, chequers_serial_rivers_micro_a
D:15:     grunt_enter_depths_snipers, layout_cave_pools, serial_column_ruins,
          column_ruins_square_large, column_ruins_circle_medium,
          column_ruins_open_tiny, column_ruins_open_tiny,
          column_ruins_open_small, column_ruins_columns_straight,
          minmay_librarian
Temple:   cyrus_circular_temple
Lair:1:   layout_roguey, chequers_serial_rivers_small_b, beast_lair_carwin_7,
          infiniplex_staircase_pool
Lair:2:   layout_cellular_growth, infiniplex_staircase_pool_2
Lair:3:   beast_lair_carwin_large_3, layout_cave_pods, minmay_swamp_entry_wisps,
          grunt_megastairs_4, minmay_lair_oklob_chamber
Lair:4:   layout_hall_layers, spider_nest_entry_funnel_web,
          chequers_serial_rivers_marsh, serial_bayou_shore_a,
          lemuel_fruit_fields
Lair:5:   layout_regular_city, slime_altar_1, chequers_serial_rivers_large_b,
          nicolae_quartered_pool_little, serial_bayou_shore_b
Lair:6:   evil_forest, layout_concentric_octagons, gammafunk_ghost_split,
          eino_house_with_fridge, lemuel_fruit_tree
Swamp:1:  layout_basic_swamp, hangedman_swamp_ruin_hall, swamp_pool4
Swamp:2:  layout_basic_swamp, evilmike_swamp_ruin_wall
Swamp:3:  layout_falls_marsh, evilmike_swamp_ruin_house_1,
          nicolae_swamp_fairy_circle, uniq_mara, uniq_donald
Swamp:4:  grunt_swamp_rune_castle, layout_basic_swamp,
          nicolae_swamp_rocky_clearing
Spider:1: gammafunk_the_bubble [the_bubble_gammafunk_split],
          ebering_ghost_disaster_area, uniq_asterion, uniq_agnes, uniq_aizul
Spider:2: layout_chambers, special_room [special_room_bee],
          guppyfry_spider_mini_2
Spider:3: layout_spider_delve, drop_trap
Spider:4: grunt_spider_rune_circles, special_room, drop_trap
Orc:1:    layout_diamond_mine, uniq_harold
Orc:2:    st_orc_mages, layout_caves, uniq_snorg
Elf:1:    layout_geoelf_octagon, enter_trove_6, hangedman_elf_disciples,
          fountainhead, minivault_5, uniq_roxanne
Elf:2:    layout_geoelf_grid, minmay_shop_grove
Elf:3:    grunt_elf_hall_spiral, layout_onion_city, serial_shops, shop,
          guppyfry_library_mini
Vaults:1: v_alt_pattern_3, vaults_room_grunt_arrival_ludios,
          ontoclasm_vaults_eye, v_rooms_4, nicolae_vaults_branching_niches,
          vaults_room_grid, vaults_room_hallway, v_misc_30, v_misc_32,
          nicolae_vaults_three_branches, layout_vaults_chaotic_city
Vaults:2: minmay_crypt_entry_skeletal_spiral, ontoclasm_vaults_gateway,
          vaults_room_stairs_pillars, nicolae_vaults_windows_and_doors_thing,
          ontoclasm_vaults_echo, v_alt_pattern_5, dpeg_vaults_monster_box,
          vaults_mumra_minichess, vaults_dpeg_encased_lava,
          layout_vaults_quadrants, serial_glass, serial_shops, bzr_entry_safe
Vaults:3: vaults_standard_mumra_x, nicolae_vaults_ring_of_whatevers, v_misc_4,
          vaults_room_door_ring, v_misc_14, nicolae_vaults_network_star,
          hangedman_vaults_corner_blocks, ontoclasm_vaults_gallery,
          layout_vaults_omnicross, portal_desolation_entry_twin_temple
Vaults:4: biasface_vaults_ghost_orc_armoury, v_misc_3, nicolae_vaults_network_s,
          nicolae_vaults_triangles, v_misc_10, hangedman_vaults_unwind,
          v_misc_4, st_cells, nicolae_vaults_little_squares_2,
          layout_vaults_ring
Depths:1: layout_small_grid, enter_ziggurat_e, pan_entry,
          nicolae_lava_and_water, pf_vacation_house_of_asmodeus, st_stairs_6,
          minmay_the_grid_square_5x5_3x3_mashed
          [minmay_the_grid_square_5x5_half_checkered,
          minmay_the_grid_square_5x5_trominoes,
          minmay_the_grid_square_5x5_three_walls,
          minmay_the_grid_square_5x5_lines,
          minmay_the_grid_square_5x5_megaprize_diamond,
          minmay_the_grid_square_5x5_bracketed,
          minmay_the_grid_square_5x5_longway,
          minmay_the_grid_square_5x5_minibox, minmay_the_grid_square_5x5_meh],
          grunt_megastairs_2
Depths:2: gammafunk_depths_water_palace, layout_small_grid,
          rand_demon_pan_entry_3, grunt_hell_entry_dis_mu,
          minmay_misc_feat_square, abyss_entry_flame_altar, lightli_gold_pyramid
Depths:3: minmay_isolated_rectangles_in_corner, layout_basic, pan_entry,
          grunt_metal_band, infiniplex_staircase_pool_1, minmay_fire_ice_demons,
          kennysheep_random_hallway
Depths:4: minmay_fractal_lines_corner, layout_cave_shapes, abyss_entry,
          pf_hell_entry_tar_river, grunt_decor_mini_mirrors,
          infiniplex_staircase_star
Depths:5: hangedman_slaughterboxes, pan_entry, hell_entry
Zot:1:    layout_concentric_octagons
Zot:2:    layout_misc_corridors
Zot:3:    layout_cellular_growth
Zot:4:    layout_misc_corridors, gammafunk_ghost_tricky_traps
Zot:5:    layout_cathedral_of_symmetry, nicolae_transmutations_shop

Skill      XL: |  1  2  3  4  5  6  7  8  9 10 11 12 13 14 15 16 17 18 19 20 21 22 23 24 25 26 27 |
---------------+----------------------------------------------------------------------------------+-----
Armour         | 1 3 4 5 6 8 10 12 13 14 15 16 17 18 19 20 21 22 23 24 25 27 | 27.0
Fighting       | 3 4 5 7 9 10 11 12 13 14 15 16 17 19 20 21 22 23 25 26 27 | 27.0
Dodging        | 3 4 5 7 8 10 11 12 14 15 16 17 18 19 24 | 24.2
Crossbows      | 5 7 8 10 11 12 14 15 16 18 | 18.4
Invocations    | 1 2 4 6 7 |  7.0
Evocations     | 4 8 10 11 13 14 | 14.0
Hexes          | 4 7 8 9 10 | 10.0
Translocations | 4 7 8 9 10 | 10.5
Spellcasting   | 5 7 8 9 10 | 10.2
Summonings     | 7 9 10 | 10.9
Maces & Flails | |  0.4
Stealth        | |  0.8

Action                   |  1- 3 |  4- 6 |  7- 9 | 10-12 | 13-15 | 16-18 | 19-21 | 22-24 | 25-27 || total
-------------------------+-------+-------+-------+-------+-------+-------+-------+-------+-------++-------
Melee: Short sword       |   143 |   184 |   155 |       |       |       |       |       |       ||   482
       Falchion          |       |    41 |    43 |    78 |       |       |       |       |       ||   162
       Dagger            |       |       |   352 |       |       |       |       |       |       ||   352
       Whip              |       |       |       |   609 |  1543 |   541 |   199 |     4 |       ||  2896
       Lajatang          |       |       |       |     4 |       |       |       |       |       ||     4
       Arbalest          |       |       |       |       |       |       |     2 |       |     1 ||     3
       Demon whip        |       |       |       |       |       |       |       |       |     3 ||     3
 Fire: Hand crossbow     |    13 |    48 |    98 |   123 |       |       |       |       |       ||   282
       Arbalest          |       |       |       |   128 |   656 |  1211 |  1607 |  1204 |  1438 ||  6244
 Cast: Portal Projectile |       |       |       |       |       |       |     1 |    15 |    11 ||    27
       Summon Mana Viper |       |       |       |       |       |       |       |    21 |    13 ||    34
Invok: Heroism           |       |       |     1 |     5 |     3 |     8 |     2 |     2 |     2 ||    23
       Finesse           |       |       |       |       |     6 |     6 |     3 |     4 |     4 ||    23
 Abil: Hop               |     1 |     3 |     4 |    15 |    16 |    32 |    21 |    14 |    21 ||   127
Evoke: Phial of floods   |       |       |       |       |       |     1 |     2 |     1 |       ||     4
       Condenser vane    |       |       |       |       |       |       |     8 |     8 |     5 ||    21
  Use: Scroll            |       |     5 |     8 |    13 |     5 |    10 |    31 |    30 |    11 ||   113
       Potion            |       |       |     1 |     4 |     1 |     1 |     4 |     3 |     8 ||    22
Armor: Leather armour    |    14 |       |       |       |       |       |       |       |       ||    14
       Chain mail        |    82 |   147 |   366 |    44 |   695 |    16 |       |       |       ||  1350
       Scale mail        |       |       |       |   445 |   316 |       |       |       |       ||   761
       Plate armour      |       |       |       |       |   543 |  1185 |   810 |   466 |   498 ||  3502
Dodge: Dodged            |    83 |   109 |   265 |   589 |  1553 |  1143 |   769 |   727 |   726 ||  5964
       Repelled          |       |       |       |       |       |     8 |       |       |       ||     8
       Rpst.: Falchion   |       |     7 |     6 |    11 |       |       |       |       |       ||    24

Table legend: (Time is in decaauts)
 A = Elapsed time spent in this place.
 B = Non-inter-level travel time spent in this place.
 C = Inter-level travel time spent in this place.
 D = Time resting spent in this place.
 E = Time spent auto-exploring this place.
 F = Levels seen in this place.
 G = Mean time per level.
                   A        B        C        D        E       F      G
               +--------+--------+--------+--------+--------+-----+--------+
         Total | 108205 |  99214 |   8991 |  34331 |  33368 |  55 | 1967.4 |
       Dungeon |  27375 |  23856 |   3519 |   7163 |  10221 |  15 | 1825.0 |
        Temple |     19 |     12 |      7 |      0 |      0 |   1 |   19.0 |
          Lair |  13940 |  12601 |   1339 |   3942 |   4024 |   6 | 2323.3 |
         Swamp |   7141 |   6851 |    290 |   2306 |   2196 |   4 | 1785.2 |
   Spider Nest |   7798 |   7170 |    628 |   2138 |   2707 |   4 | 1949.5 |
  Orcish Mines |   2663 |   2210 |    453 |    655 |    868 |   2 | 1331.5 |
   Elven Halls |   4153 |   3750 |    403 |    857 |   1541 |   3 | 1384.3 |
        Vaults |  13958 |  12275 |   1683 |   3795 |   4800 |   4 | 3489.5 |
        Depths |  14133 |  13714 |    419 |   5277 |   4526 |   5 | 2826.6 |
           Zot |  11682 |  11436 |    246 |   6011 |   2231 |   5 | 2336.4 |
         Abyss |    999 |    999 |      0 |    306 |      0 |   2 |  499.5 |
        Bazaar |    206 |    206 |      0 |      0 |      0 |   1 |  206.0 |
         Trove |    109 |    109 |      0 |      0 |      0 |   1 |  109.0 |
      Ice Cave |   1976 |   1976 |      0 |   1054 |      0 |   1 | 1976.0 |
    Desolation |   2046 |   2046 |      0 |    825 |    251 |   1 | 2046.0 |
               +--------+--------+--------+--------+--------+-----+--------+

Top non-repeatable levels by time:
Vaults:4: 3702 daAuts
   Zot:4: 3617 daAuts
Vaults:1: 3578 daAuts
Depths:2: 3561 daAuts
Depths:5: 3555 daAuts
Vaults:3: 3545 daAuts
  Lair:3: 3467 daAuts
    D:12: 3447 daAuts
Vaults:2: 3132 daAuts
Spider:3: 2893 daAuts
 Swamp:3: 2657 daAuts
Depths:3: 2525 daAuts
   Zot:3: 2470 daAuts
  Lair:6: 2466 daAuts
     D:5: 2347 daAuts
